 Dungeon Crawl Stone Soup version 0.28.0-43-g3370ac3207 (webtiles) character file.

Game seed: 16405990753446256501

83 vvl the Vexing (level 4, 0/26 HPs)
             Began as a Kobold Arcane Marksman on Mar 24, 2022.
             Slain by a hobgoblin
             ... wielding a +0 club
              (5 damage)
             ... on level 3 of the Dungeon.
             The game lasted 00:06:36 (4234 turns).

vvl the Vexing (Kobold Arcane Marksman)             Turns: 4234, Time: 00:06:36

Health: 0/26       AC:  2    Str:  7    XL:     4   Next: 71%
Magic:  6/6        EV: 15    Int: 16    God:
Gold:   160        SH:  0    Dex: 15    Spells: 5/6 levels left

rFire   . . .      SeeInvis .   f - +0 dagger
rCold   . . .      Faith    .   g - orb {guile}
rNeg    . . .      Spirit   .   d - +0 robe
rPois   .          Reflect  .   (no helmet)
rElec   .          Harm     .   (no cloak)
rCorr   .          Rampage  .   (no gloves)
Will    .....                   (no boots)
Stlth   ++........              (no amulet)
HPRegen 0.08/turn               (no ring)
MPRegen 0.10/turn               (no ring)

@: no status effects
A: small, no large weapons, nightstalker 3
a: no special abilities


You were on level 3 of the Dungeon.
You visited 1 branch of the dungeon, and saw 3 of its levels.

You collected 160 gold pieces.

Inventory:

Hand Weapons
 a - a +0 hand crossbow
 f - a +0 dagger (weapon)
Missiles
 c - 14 bolts
Armour
 d - a +0 robe (worn)
 g - an orb of guile (worn)
Scrolls
 b - 3 scrolls of teleportation {unknown}
 j - a scroll of immolation {unknown}
 k - a scroll of enchant weapon {unknown}
 l - a scroll of noise {unknown}
Potions
 h - a potion of degeneration {unknown}
 m - a potion of curing {unknown}


   Skills:
 + Level 2.0 Fighting
 + Level 1.6 Short Blades
 + Level 3.1 Crossbows
 + Level 0.8 Armour
 + Level 3.1 Dodging
 + Level 1.9 Spellcasting
 + Level 3.2 Hexes


You had 5 spell levels left.
You knew the following spells:

 Your Spells              Type           Power      Damage    Failure   Level
a - Slow                  Hex            44%        N/A       5%          1

Your spell library contained the following spells:

 Spells                   Type           Power      Damage    Failure   Level
 Ensorcelled Hibernation  Hex/Ice        12%        N/A       16%         2
 Tukima's Dance           Hex            11%        N/A       17%         3
 Inner Flame              Hex/Fire       6%         N/A       32%         3
 Portal Projectile        Hex/Tloc       12%        N/A       32%         3
 Cause Fear               Hex            5%         N/A       50%         4
 Spider Form              Tmut/Pois      1%         N/A       54%         3
 Anguish                  Hex/Necr       3%         N/A       71%         4
 Fulminant Prism          Conj/Hex       3%         3d6       71%         4
 Iskenderun's Mystic Bla  Conj/Tloc      1%         2d3       91%         4
 Passage of Golubria      Tloc           1%         N/A       91%         4
 Yara's Violent Unravell  Hex/Tmut       3%         3d4       96%         5
 Lee's Rapid Deconstruct  Erth           0%         3d5*      99%         5


Dungeon Overview and Level Annotations

Branches:
Dungeon (3/15)

Altars:


Innate Abilities, Weirdness & Mutations

You are small and have problems with some larger weapons.
You are completely attuned to the shadows.


Message History

The hobgoblin misses you.
You hit the hobgoblin.
The hobgoblin is almost dead.
The hobgoblin hits you with a +0 club.
You hit the hobgoblin but do no damage.
The hobgoblin is almost dead.
The hobgoblin misses you.
You hit the hobgoblin but do no damage.
The hobgoblin is almost dead.
The hobgoblin closely misses you.
You hit the hobgoblin but do no damage.
The hobgoblin is almost dead.
The hobgoblin closely misses you.
You barely miss the hobgoblin.
The hobgoblin is almost dead.
The hobgoblin hits you with a +0 club.
You are too injured to fight recklessly!
You are too injured to fight recklessly!
You closely miss the hobgoblin.
The hobgoblin is almost dead.
The hobgoblin misses you.
You hit the hobgoblin but do no damage.
The hobgoblin is almost dead.
The hobgoblin misses you.
You hit the hobgoblin but do no damage.
The hobgoblin is almost dead.
You closely miss the hobgoblin.
The hobgoblin is almost dead.
The hobgoblin closely misses you.
You hit the hobgoblin but do no damage.
The hobgoblin is almost dead.
The hobgoblin hits you with a +0 club.
You barely miss the hobgoblin.
The hobgoblin is almost dead.
The hobgoblin hits you with a +0 club.
* * * LOW HITPOINT WARNING * * *
You barely miss the hobgoblin.
The hobgoblin is almost dead.
The hobgoblin hits you with a +0 club.
You die...

#.......# #.# #[#.# '.......#
#.# #.#.# #.......# #.# #.#.#
#.......# #.# #.#.###########
#.......###.###.##......†......#
#.......#.......####.#########.#
#####.#.#.......+....# #.#
#.#.........###### #.# #.#
#.##........@#####+##.# #.#
#.##.........g........# #.#
#.##.##.####..........# #.#
#.....................# #.#
#..##.#.##########'##.# #.#
#..##.#.# #........##.# #.#
#..##.g.###.#########.# #.#
#...g.......# #.# #.#
#...........# #.# #.#


You could see a hobgoblin.

Vanquished Creatures
  2 adders
  A worm (D:1)
  A dart slug (D:2)
  5 ball pythons
  7 endoplasms
  A giant cockroach (D:3)
  7 goblins
  3 hobgoblins
  5 jackals
  4 quokkas
  3 bats (D:1)
  4 frilled lizards
  3 kobolds
  7 rats
53 creatures vanquished.

Notes
Turn   | Place    | Note
-------+----------+-------------------------------------------
     0 | D:1      | vvl the Kobold Arcane Marksman began the quest for the Orb.
     0 | D:1      | Reached XP level 1. HP: 12/12 MP: 2/2
   155 | D:1      | Reached XP level 2. HP: 16/16 MP: 3/3
   591 | D:1      | Found a faded altar of an unknown god.
   606 | D:1      | Reached skill level 1 in Short Blades
   606 | D:1      | Reached XP level 3. HP: 19/20 MP: 5/5
  2155 | D:2      | Reached XP level 4. HP: 26/26 MP: 6/6
  3730 | D:3      | HP: 1/26 [hobgoblin/+0 club (5)]
  4234 | D:3      | Slain by a hobgoblin

Illustrated notes

Levels and vault maps discovered:
D:1:      lemuel_arrival_muddy, layout_basic,
          dreamdust_ecumenical_altar_angels_and_demons, nicolae_wormholes
D:2:      layout_rooms, dk_vineyard_3, chequers_serial_rivers_room_a,
          roderic_lattice_a, serial_park_tiny_1, grunt_decor_resistance
D:3:      layout_basic, nrook_campfire, kennysheep_generic_room_13

Skill      XL: |  1  2  3  4 |
---------------+-------------+-----
Short Blades   | 1 |  1.6
Dodging        | 3 |  3.1
Crossbows      | 3 |  3.1
Fighting       | 2 |  2.0
Armour         | |  0.8
Spellcasting   | |  1.9
Hexes          | |  3.2

Action                   |  1- 3 |  4- 6 || total
-------------------------+-------+-------++-------
Melee: Hand crossbow     |    13 |       ||    13
       Dagger            |       |   156 ||   156
 Fire: Hand crossbow     |    98 |     5 ||   103
  Use: Potion            |       |     3 ||     3
 Stab: Sleeping          |       |     4 ||     4
Armor: Robe              |    15 |    15 ||    30
Dodge: Dodged            |    56 |   104 ||   160
